 Dungeon Crawl Stone Soup version 0.22.1-2-g9c5b331383 (webtiles) character file.

18862 EvilAshe the Carver (level 12, -44/76 HPs)
             Began as a Tengu Fighter on Nov 28, 2018.
             Was a High Priest of Okawaru.
             Killed from afar by an ice dragon (47 damage)
             ... with a blast of cold
             ... on level 1 of the Lair of Beasts.
             The game lasted 00:53:28 (15666 turns).

EvilAshe the Carver (Tengu Fighter)                Turns: 15666, Time: 00:53:28

Health: -44/76     AC: 23    Str: 24    XL:     12   Next: 63%
Magic:  15/16      EV:  8    Int: 15    God:    Okawaru [*****.]
Gold:   670        SH: 12    Dex: 15    Spells: 11/11 levels left

rFire    + . .     SeeInvis .   a - +1 long sword
rCold    . . .     Gourm    .   H - +0 shield
rNeg     . . .     Faith    .   Y - +5 chain mail of Duonguf {rF+ Int+7}
rPois    +         Spirit   .   t - +2 hat
rElec    .         Reflect  .   P - +0 cloak
rCorr    .         Harm     .   N - +2 pair of gloves {Str+3}
MR       .....                  (boots unavailable)
Stlth    ..........             (no amulet)
HPRegen  0.22/turn              r - +1 ring of slaying
MPRegen  0.15/turn              V - ring of poison resistance

@: about to teleport, flying quickly and evasively, quick
A: beak, talons 3, able to fly 1
a: Heroism, Finesse, Renounce Religion


You were on level 1 of the Lair of Beasts.
You worshipped Okawaru.
Okawaru was extremely pleased with you.
You were not hungry.

You visited 2 branches of the dungeon, and saw 12 of its levels.
You visited the Abyss 1 time.
You visited 1 bazaar.
You also visited: Ice Cave.

You collected 870 gold pieces.
You spent 200 gold pieces at shops.

Inventory:

Hand Weapons
 a - a +1 long sword (weapon)
 W - the +6 great sword of Saaqaistrism {slice, Dex+4}
   (Okawaru gifted it to you in an ice cave)

   It inflicts extra damage upon your enemies.
   It affects your dexterity (+4).
Missiles
 f - 388 stones
 y - 4 tomahawks
 B - 7 poisoned tomahawks (quivered)
 M - 4 throwing nets {!f}
Armour
 t - a +2 hat (worn)
   (You found it on level 3 of the Dungeon)
 F - the +6 scale mail "Luucuab" {MR+ Dex+2 Slay-5, unknown}
   (You found it on level 7 of the Dungeon)

   It affects your dexterity (+2).
   It affects your accuracy and damage with ranged weapons and melee attacks
   (-5).
   It affects your resistance to hostile enchantments.
 H - a +0 shield (worn)
 N - a +2 pair of gloves of strength (worn)
   (You found it on level 9 of the Dungeon)
 P - a +0 cloak (worn)
   (You found it on level 4 of the Dungeon)
 T - the +4 chain mail of Spite {rC+ SInv}
   (You found it on level 4 of the Dungeon)

   It protects you from cold.
   It lets you see invisible.
 Y - the +5 chain mail of Duonguf (worn) {rF+ Int+7}
   (You found it in an ice cave)

   It affects your intelligence (+7).
   It protects you from fire.
Jewellery
 r - a +1 ring of slaying (left hand)
   (You found it on level 7 of the Dungeon)
 D - an uncursed ring of magical power
   (You took it off a wizard on level 7 of the Dungeon)
 I - an uncursed ring of wizardry
   (You found it on level 8 of the Dungeon)
 K - an uncursed ring of ice
   (You found it on level 8 of the Dungeon)
 R - a +1 ring of evasion
   (You found it on level 1 of the Lair of Beasts)
 S - an uncursed ring of positive energy
   (You found it on level 10 of the Dungeon)
 V - a ring of poison resistance (right hand)
   (You bought it in a shop in a bazaar)
Wands
 c - a wand of disintegration (16) {!d}
   (You found it on level 8 of the Dungeon)
 d - a wand of iceblast (8)
   (You found it on level 10 of the Dungeon)
 u - a wand of paralysis (14)
   (You found it on level 9 of the Dungeon)
 v - a wand of digging (13)
   (You found it on level 10 of the Dungeon)
 G - a wand of polymorph (11)
   (You found it on level 8 of the Dungeon)
Scrolls
 b - 3 scrolls of blinking {unknown}
 g - 2 scrolls of fog
 h - 6 scrolls of identify {@r1}
 l - 4 scrolls of magic mapping
 n - 4 scrolls of random uselessness {unknown}
 o - 7 scrolls of remove curse {@r2}
 q - 2 scrolls of enchant armour
 s - 7 scrolls of teleportation {@r4}
 w - 3 scrolls of enchant weapon
 C - 5 scrolls of vulnerability {unknown}
 L - 6 scrolls of amnesia {unknown}
 O - a scroll of noise {unknown}
 U - a scroll of silence {unknown}
Potions
 i - 6 potions of curing {@q1}
 j - 7 potions of lignification {!q}
 k - 3 potions of berserk rage
 m - a potion of mutation {unknown}
 p - a potion of agility
 x - 2 potions of heal wounds {unknown}
 z - a potion of flight {unknown}
 A - a potion of cancellation {unknown}
 E - a potion of ambrosia {unknown}
 J - a potion of haste {@q3}
 Q - 2 potions of might
 X - a potion of resistance {unknown}
Comestibles
 e - 20 rations {!d}


   Skills:
 + Level 9.5 Fighting
 * Level 13.5 Long Blades
 + Level 10.3 Armour
 + Level 9.5 Shields
 + Level 4.8 Evocations


You had 11 spell levels left.
You didn't know any spells.
Your spell library contained the following spells:

 Spells                   Type           Power        Failure   Level  Hunger
 Corona                   Hex            #......      96%         1    ##.....
 Sting                    Conj/Pois      #...         96%         1    ##.....
 Ensorcelled Hibernation  Hex/Ice        #.....       99%         2    ###....
 Poisonous Vapours        Pois/Air       #.....       99%         2    ###....
 Confuse                  Hex            #.......     100%        3    ####...
 Dazzling Spray           Conj/Hex       #.....       100%        3    ####...
 Mephitic Cloud           Conj/Pois/Air  #.......     100%        3    ####...
 Tukima's Dance           Hex            #.......     100%        3    ####...
 Olgreb's Toxic Radiance  Pois           #.......     100%        4    #####..
 Venom Bolt               Conj/Pois      #.........   100%        5    ######.


Dungeon Overview and Level Annotations

Branches:
Dungeon (11/15)            Temple (0/1) D:7            Lair (1/6) D:8
    Orc (0/2) D:10

Altars:
Ashenzari
Cheibriados
Elyvilon
Fedhas
Gozag
Nemelex Xobeh
Okawaru
Qazlal
Ru
Sif Muna
Uskayaw
Vehumet
Wu Jian
Yredelemnul
Zin

Shops:
D:4 *(   D:7 *   D:11 %[

Portals:
Trove: D:10 (give 3 potions of resistance)

Annotations:
D:8 exclusion: door


Innate Abilities, Weirdness & Mutations

You have a beak for a mouth.
You have claws for feet.
You can fly.


Message History

Okawaru is honoured by your kill.
The six-headed hydra returns to its original shape as it dies.
You see here a hydra corpse.
There is a staircase back to the Dungeon, spattered with blood here.
You start resting.
You start resting.
All of the chunks of flesh in your inventory have rotted away.
You are starting to lose your buoyancy.
You start resting.
You float gracefully downwards.
Found a stone staircase leading down.
Found 14 gold pieces.
Found 15 gold pieces.
You now have 670 gold pieces (gained 14).
A six-headed hydra comes into view.
Found 9 gold pieces.
A six-headed hydra is nearby!
Okay, then.
You swoop lightly up into the air.
You feel very comfortable in the air.
You feel somewhat more hungry.
Aim: a six-headed hydra (chance to defeat MR: 26%)
The six-headed hydra easily resists.
Aim: a six-headed hydra (chance to defeat MR: 26%)
The six-headed hydra evaporates and reforms as an ice dragon!
Aim: an ice dragon (chance to defeat MR: 42%)
The ice dragon resists with some effort.
The ice dragon breathes frost at you. The blast of cold hits you!
You block the ice dragon's attack. x2; The ice dragon barely misses you.
You closely miss the ice dragon. Your kick misses the ice dragon.
The ice dragon breathes frost at you. The blast of cold hits you!
You hit the ice dragon but do no damage.
You claw the ice dragon, but do no damage.
You peck the ice dragon! The ice dragon barely misses you.
The ice dragon claws you!
* * * LOW HITPOINT WARNING * * *
You block the ice dragon's attack. The ice dragon breathes frost at you.
The blast of cold hits you!
* * * LOW HITPOINT WARNING * * *
Unknown command.
As you read the scroll of fog, it crumbles to dust.
The scroll dissolves into smoke.
As you read the scroll of teleportation {@r4}, it crumbles to dust.
You feel strangely unstable. The ice dragon breathes frost at you.
The blast of cold hits you!
Ouch! That really hurt!
You die...

#..#.....#..# ##...........#*
#.###.#.#..####............#.
####.......# #.....$........#
#### ##.....## *#.............#
.#.## #.#P..## ##..............
....## ####### ##§..§...........
.....# ##.§§§§§.......$.. ....##
##..D§§§§.......... ....####
##.@##§§§§..........
....##.#######..####§§..........#
..................###§...........
.............###...#..#...>.....#
##.##..#.....##.##......#......**
#.P#############.####P#.###..**
#### ### *#### ****


You could see an ice dragon.

Vanquished Creatures
  2 two-headed ogres
  An alligator (Lair:1)
  Pikel (D:7)
  A wizard (D:7)
  A necromancer (IceCv)
  A manticore (D:11)
  3 ice statues (IceCv)
  2 gargoyles
  2 komodo dragons
  4 ice devils (IceCv)
  A kobold demonologist (D:11)
  A queen bee (Lair:1)
  A troll (D:11)
  Grinder (D:4)
  7 blink frogs
  2 hippogriffs
  A slime creature (D:7)
  Sigmund (D:4)
  9 yaks (Lair:1)
  A wraith (D:11)
  3 hungry ghosts
  2 humans (D:9)
  A water moccasin (Lair:1)
  Duvessa (D:7)
  An acid dragon (D:11)
  A porcupine (Lair:1)
  A swamp drake (D:10)
  4 orc warriors
  An ice beast (D:6)
  4 sky beasts
  A slave (D:7)
  4 phantoms
  A necrophage (D:10)
  7 ogres
  4 centaurs
  5 crocodiles (Lair:1)
  2 big kobolds
  6 bullfrogs
  Dowan (D:7)
  A wyvern skeleton (D:10)
  2 scorpions
  27 killer bees
  4 wights (D:11)
  2 howler monkeys
  An electric eel (D:9)
  6 crimson imps
  4 draconian simulacra (IceCv)
  4 hounds
  An iron imp (D:6)
  2 centaur skeletons
  2 centaur zombies
  2 jellies
  4 orc priests
  A gnoll shaman (D:6)
  Jessica (D:2)
  Terence (D:2)
  4 iguanas
  11 orc wizards
  A spriggan simulacrum (IceCv)
  11 worker ants
  Natasha (thrice) (D:2)
  3 troll simulacra (IceCv)
  A killer bee zombie (D:9)
  A centaur simulacrum (IceCv)
  A hound zombie (D:5)
  2 hound skeletons
  Robin (D:2)
  9 gnolls
  A river rat (D:9)
  10 adders
  An ogre simulacrum (IceCv)
  A shadow imp (D:2)
  3 oozes
  A worm (D:3)
  2 dart slugs (D:1)
  5 leopard geckos
  29 orcs
  A ball python (D:2)
  5 bats
  4 giant cockroaches
  11 goblins
  7 hobgoblins
  4 jackals (D:4)
  4 quokkas
  3 frilled lizards
  14 kobolds
  A quokka skeleton (D:7)
  A quokka zombie (D:5)
  5 rats
319 creatures vanquished.

Vanquished Creatures (others)
  A bullfrog skeleton (D:7)
  A quokka (D:7)
  A fungus (Lair:1)
  A plant (Lair:1)
4 creatures vanquished.

Grand Total: 323 creatures vanquished

Notes
Turn   | Place    | Note
-------+----------+-------------------------------------------
     0 | D:1      | EvilAshe the Tengu Fighter began the quest for the Orb.
     0 | D:1      | Reached XP level 1. HP: 14/14 MP: 2/2
    96 | D:1      | Reached XP level 2. HP: 19/19 MP: 3/3
   919 | D:2      | Noticed Jessica
   928 | D:2      | Killed Jessica
   928 | D:2      | Reached skill level 3 in Long Blades
   928 | D:2      | Reached XP level 3. HP: 19/23 MP: 4/4
   983 | D:2      | Reached XP level 4. HP: 28/28 MP: 5/5
   993 | D:2      | Noticed Natasha
  1003 | D:2      | Killed Natasha
  1018 | D:2      | Noticed Natasha
  1138 | D:2      | Killed Natasha
  1164 | D:2      | Noticed Robin
  1338 | D:2      | Killed Robin
  1338 | D:2      | Gained mutation: You can fly. [Tengu growth]
  1338 | D:2      | Reached XP level 5. HP: 32/32 MP: 6/6
  1518 | D:2      | Reached skill level 4 in Long Blades
  1587 | D:2      | Noticed Terence
  1594 | D:2      | Killed Terence
  1746 | D:2      | Noticed Natasha
  1756 | D:2      | Killed Natasha
  1837 | D:3      | Found a shattered altar of Ashenzari.
  1916 | D:3      | Noticed an ogre
  2630 | D:4      | Noticed Grinder
  2630 | D:4      | Paralysed by Grinder for 7 turns
  2640 | D:4      | Paralysed by Grinder for 4 turns
  2645 | D:4      | Killed Grinder
  2645 | D:4      | Reached skill level 5 in Long Blades
  2645 | D:4      | Reached XP level 6. HP: 11/38 MP: 7/7
  2977 | D:4      | Noticed Sigmund
  3003 | D:4      | Killed Sigmund
  3003 | D:4      | Reached XP level 7. HP: 42/44 MP: 6/8
  3220 | D:4      | Found a sacrificial altar of Ru.
  3228 | D:4      | Reached skill level 5 in Armour
  3278 | D:4      | Reached skill level 6 in Long Blades
  3283 | D:4      | Got a heavily runed chain mail
  3290 | D:4      | Found Eckenitz's Assorted Antiques.
  3332 | D:4      | Found a basalt altar of Yredelemnul.
  3560 | D:4      | Found a sparkling altar of Nemelex Xobeh.
  3836 | D:4      | Reached XP level 8. HP: 32/48 MP: 9/9
  3951 | D:4      | Found Esiehoru's Antique Weapon Shoppe.
  4045 | D:5      | Entered Level 5 of the Dungeon
  4051 | D:5      | Reached skill level 5 in Shields
  4058 | D:5      | Reached skill level 5 in Fighting
  4062 | D:5      | Identified the +4 chain mail of Spite {rC+ SInv} (You found
                  | it on level 4 of the Dungeon)
  4197 | D:5      | Found a blossoming altar of Fedhas.
  4258 | D:5      | Reached skill level 7 in Long Blades
  4515 | D:6      | Found an iron altar of Okawaru.
  4533 | D:6      | Found a hide-covered altar of Uskayaw.
  4631 | D:6      | Became a worshipper of Warmaster Okawaru
  4642 | D:6      | Found an ornate altar of the Wu Jian Council.
  4781 | D:6      | Reached skill level 8 in Long Blades
  4784 | D:6      | Reached XP level 9. HP: 51/55 MP: 6/10
  5137 | D:6      | Reached * piety under Okawaru
  5280 | D:6      | Found a snail-covered altar of Cheibriados.
  5365 | D:6      | Found a glowing silver altar of Zin.
  5571 | D:7      | Found a stormy altar of Qazlal.
  5694 | D:7      | Noticed Dowan
  5695 | D:7      | Noticed Duvessa
  5716 | D:7      | Killed Duvessa
  5725 | D:7      | Killed Dowan
  5822 | D:7      | Noticed a gargoyle
  5826 | D:7      | Noticed a wizard
  5830 | D:7      | Reached skill level 9 in Long Blades
  6024 | D:7      | Found an opulent altar of Gozag.
  6026 | D:7      | Found Gozag's Platinum Reserve.
  6056 | D:7      | Found a radiant altar of Vehumet.
  6130 | D:7      | Reached ** piety under Okawaru
  6204 | D:7      | Found a staircase to the Ecumenical Temple.
  6314 | D:7      | Noticed Pikel
  6350 | D:7      | Killed Pikel
  6350 | D:7      | Reached XP level 10. HP: 61/61 MP: 11/11
  6373 | D:7      | Cast into level 2 of the Abyss (a wizard)
  6373 | Abyss:2  | Found a corrupted altar of Lugonu.
  6394 | D:7      | Escaped the Abyss
  6401 | D:7      | Killed a wizard
  6401 | D:7      | Reached skill level 10 in Long Blades
  6423 | D:7      | Got a dazzling scale mail
  6462 | D:7      | Found a white marble altar of Elyvilon.
  6522 | D:8      | Found a staircase to the Lair.
  6845 | D:8      | Found a deep blue altar of Sif Muna.
  7002 | D:8      | Reached *** piety under Okawaru
  8464 | D:9      | Found an iron altar of Okawaru.
  8508 | D:9      | Noticed a two-headed ogre
  8518 | D:9      | Killed a two-headed ogre
  8518 | D:9      | Reached skill level 11 in Long Blades
  9007 | D:9      | Reached **** piety under Okawaru
  9086 | D:7      | Reached XP level 11. HP: 45/68 MP: 12/12
  9595 | D:10     | Entered Level 10 of the Dungeon
  9755 | D:10     | Noticed a two-headed ogre
  9966 | D:10     | Reached skill level 1 in Evocations
  9969 | D:10     | Found a staircase to the Orcish Mines.
 10448 | D:10     | Killed a two-headed ogre
 10448 | D:10     | Reached ***** piety under Okawaru
 10448 | D:10     | Reached skill level 12 in Long Blades
 10634 | D:10     | Found a portal to a secret trove of treasure.
 11112 | D:11     | Found a sacrificial altar of Ru.
 11207 | D:11     | Found a flickering gateway to a bazaar.
 11245 | Bazaar   | Entered a bazaar
 11246 | Bazaar   | Found Xeag's Weapon Shop.
 11246 | Bazaar   | Found Qofe's Weapon Boutique.
 11247 | Bazaar   | Found Mesouleb's Gadget Emporium.
 11278 | Bazaar   | Found Hiunuh's Jewellery Emporium.
 11286 | Bazaar   | Bought an uncursed ring of poison resistance for 200 gold
                  | pieces
 11373 | D:11     | Found Fomo's Food Shop.
 11447 | D:11     | Noticed a manticore
 11461 | D:11     | Killed a manticore
 11528 | D:11     | Found Luam's Antique Armour Emporium.
 12068 | Lair:1   | Entered Level 1 of the Lair of Beasts
 12416 | Lair:1   | Found a frozen archway.
 12426 | IceCv    | Entered an ice cave
 12657 | IceCv    | Received a gift from Okawaru
 12657 | IceCv    | Reached XP level 12. HP: 75/75 MP: 13/15
 12660 | IceCv    | Got an iridescent great sword {god gift}
 12661 | IceCv    | Identified the +6 great sword of Saaqaistrism {slice,
                  | Dex+4} (Okawaru gifted it to you in an ice cave)
 13704 | IceCv    | Reached skill level 13 in Long Blades
 13712 | IceCv    | Got a distressingly furry chain mail
 13723 | IceCv    | Identified the +5 chain mail of Duonguf {rF+ Int+7} (You
                  | found it in an ice cave)
 13925 | Lair:1   | Reached skill level 10 in Armour
 14798 | Lair:1   | Noticed a six-headed hydra
 15310 | Lair:1   | Noticed an alligator
 15310 | Lair:1   | a six-headed hydra changed into an alligator
 15318 | Lair:1   | Killed an alligator
 15647 | Lair:1   | Noticed a six-headed hydra
 15650 | Lair:1   | Noticed an ice dragon
 15650 | Lair:1   | a six-headed hydra changed into an ice dragon
 15660 | Lair:1   | HP: 2/76 [ice dragon/blast of cold (34)]
 15666 | Lair:1   | Killed from afar by an ice dragon

Skill      XL: |  1  2  3  4  5  6  7  8  9 10 11 12 |
---------------+-------------------------------------+-----
Long Blades    | 3 5 6 8 9 11 12 13 | 13.5
Armour         | 4 5 6 7 8 9 10 | 10.3
Fighting       | 4 5 6 7 8 9 |  9.5
Shields        | 4 5 6 7 8 9 |  9.5
Evocations     | 3 4 |  4.8

Action                   |  1- 3 |  4- 6 |  7- 9 | 10-12 || total
-------------------------+-------+-------+-------+-------++-------
Melee: Long sword        |    41 |   118 |   365 |   740 ||  1264
       Kick              |    12 |    21 |   123 |   327 ||   483
       Peck              |     6 |    22 |    82 |   174 ||   284
Throw: Stone             |     5 |    10 |    47 |     2 ||    64
       Tomahawk          |       |       |     9 |    21 ||    30
Invok: Heroism           |       |       |       |     5 ||     5
 Abil: Fly               |       |     6 |    13 |    34 ||    53
Evoke: Wand              |       |       |       |    20 ||    20
  Use: Potion            |       |     2 |       |       ||     2
       Scroll            |       |     4 |     8 |     9 ||    21
  Eat: Chunk             |       |     6 |    12 |    19 ||    37
       Ration            |       |       |     2 |     5 ||     7
Armor: Scale mail        |    10 |    18 |       |       ||    28
       Chain mail        |       |    28 |   176 |   332 ||   536
       Skin              |       |     7 |       |       ||     7
Dodge: Dodged            |    11 |    30 |    72 |   175 ||   288
Block: Shield            |    15 |    47 |   168 |   367 ||   597
       Rpst.: Long sword |     4 |     7 |    21 |    45 ||    77
